 Dungeon Crawl Stone Soup version 0.32-a0-571-gec57dfcd37 (webtiles) character file.

Game seed: 8419800052449014240

1700 cforsyth the Reanimator (level 8, 0/74 HPs)
             Began as a Mountain Dwarf Necromancer on Mar 1, 2024.
             Slain by a vampire mosquito (2 damage)
             ... on level 9 of the Dungeon.
             The game lasted 00:20:22 (9182 turns).

cforsyth the Reanimator (MDNe)                      Turns: 9182, Time: 00:20:23

Health: 0/74       AC: 15    Str: 19    XL:     8   Next: 73%
Magic:  9/12       EV:  8    Int: 16    God:
Gold:   318        SH:  0    Dex: 10    Spells: 8/13 levels left

rFire   . . .        i - +1 hand axe (freeze)
rCold   + . .        (no shield)
rNeg    . . .        t - +3 chain mail {rC+}
rPois   .            (no helmet)
rElec   .            (no cloak)
rCorr   .            (no gloves)
SInv    .            (no boots)
Will    .....        (no amulet) Stlth
                     S - +6 ring of strength
HPRegen 0.32/turn    T - +4 ring of protection
MPRegen 0.13/turn

%: no passive effects
@: animating dead, hasted, very quick
A: runic magic, artefact enchanting
a: no special abilities


You were on level 9 of the Dungeon.
You visited 2 branches of the dungeon, and saw 10 of its levels.

You collected 318 gold pieces.


Innate Abilities, Weirdness & Mutations

Your spellcasting is much less encumbered by armour.
You can use scrolls of enchantment on lesser artefacts.


   Skills:
 + Level 7.7 Fighting
 - Level 4.0 Axes
 - Level 1.3 Dodging
 - Level 1.4 Stealth
 + Level 3.1 Spellcasting
 + Level 9.0 Necromancy


You had 8 spell levels left.
You knew the following spells:

 Your Spells              Type           Power      Damage    Failure   Level
a - Animate Dead          Necr           31%        N/A       8%          4
X - Necrotise             Necr           100%       1d9       1%          1

Your spell library contained the following spells:

 Spells                   Type           Power      Damage    Failure   Level
 Vampiric Draining        Necr           31%        2d8       2%          3
 Kiss of Death            Conj/Necr      64%        2d10      4%          1
 Dispel Undead            Necr           31%        3d14      8%          4
 Curse of Agony           Necr           31%        N/A       22%         5
 Magic Dart               Conj           8%         1d3       32%         1
 Blink                    Tloc           4%         N/A       43%         2
 Call Imp                 Summ           4%         N/A       43%         2
 Searing Ray              Conj           4%         2d4       43%         2
 Confusing Touch          Hex            2%         N/A       67%         3
 Fulminant Prism          Conj/Alch      1%         3d5       97%         4

Inventory:

Hand Weapons
 i - a +1 hand axe of freezing (weapon)
Armour
 t - a +3 chain mail of cold resistance (worn)
Jewellery
 F - a ring of protection from fire
 S - a +6 ring of strength (left hand)
 T - a +4 ring of protection (right hand)
Scrolls
 d - a scroll of revelation
 k - a scroll of enchant weapon
Potions
 b - 4 potions of magic
 c - 4 potions of curing {@q1}
 e - 3 potions of mutation
 g - 2 potions of brilliance
 j - 2 potions of haste {@q3}
 p - a potion of resistance {unknown}
 q - 2 potions of enlightenment
 x - a potion of heal wounds {unknown}

Dungeon Overview and Level Annotations

Branches:
Dungeon (9/15)             Temple (1/1) D:4
   Lair: D:8-11         Orc: D:9-12

Altars:
Cheibriados
Dithmenos
Elyvilon
Fedhas
Gozag
Makhleb
Nemelex Xobeh
Ru
Sif Muna
Trog
Uskayaw
Vehumet
Wu Jian
Xom
Yredelemnul
Zin
The Shining One

Shops:
D:1 !   D:6 *

Annotations:
D:4 3 runed translucent doors, soberseth's ghost, amateur MDFE
D:7 Maggie

###########
#○☼..○..°☼#
#°)○.☼○○○.#
#°.○°.☼.○○#
#☼..☼y.y@○#####
....<☼..○g°☼y○○.☼....
.........○.°°°°°☼....
##.....☼.○☼○.°☼.°....
#...☼○..☼.°..°○°....
#...°..°○..°☼°......
#...................
#.........▓▓▓.......
....▓▓ ▓.....


You could see 3 vampire mosquitoes and a gnoll sergeant.


Message History

Okay, then.
You feel yourself speed up.
The vampire mosquito completely misses you.
The vampire mosquito bites you but does no damage.
The vampire mosquito bites you.
* * * LOW HITPOINT WARNING * * *
The vampire mosquito draws strength from your injuries!
The gnoll sergeant hits you from afar with a +0 spear.
* * * LOW HITPOINT WARNING * * *
The vampire mosquito bites you but does no damage.
The vampire mosquito barely misses you.
The vampire mosquito bites you but does no damage.
Unknown command.
Unknown command.
Unknown command.
The vampire mosquito bites you.
* * * LOW HITPOINT WARNING * * *
The vampire mosquito draws strength from your injuries!
The vampire mosquito barely misses you.
Unknown command.
Unknown command.
The vampire mosquito bites you but does no damage.
Unknown command.
Unknown command.
The vampire mosquito bites you but does no damage.
Unknown command.
Unknown command.
The vampire mosquito attacks as it pursues you!
The vampire mosquito bites you.
You die...

Skill      XL: |  1  2  3  4  5  6  7  8 |
---------------+-------------------------+-----
Fighting       | 1 2 3 4 6 7 |  7.7
Necromancy     | 5 6 8 9 |  9.0
Axes           | 1 3 4 |  4.0
Spellcasting   | 3 |  3.1
Dodging        | |  1.3
Stealth        | |  1.4

Action                     |  1- 3 |  4- 6 |  7- 9 || total
---------------------------+-------+-------+-------++-------
  Melee: Unarmed           |    13 |       |       ||    13
         Hand axe          |     2 |   121 |   234 ||   357
   Cast: Necrotise         |    84 |    91 |    36 ||   211
         Animate Dead      |       |       |     6 ||     6
  Evoke: Wand              |       |     8 |     3 ||    11
    Use: Scroll            |       |       |    21 ||    21
         Potion            |       |       |     5 ||     5
   Stab: Paralysed         |       |    24 |    14 ||    38
 Armour: Robe              |     8 |    56 |       ||    64
         Skin              |    15 |       |       ||    15
         Ring mail         |       |    52 |    27 ||    79
         Scale mail        |       |       |   292 ||   292
         Chain mail        |       |       |   118 ||   118
  Dodge: Dodged            |    20 |    91 |   193 ||   304

Levels and vault maps discovered:
D:1:      heliophobic_arrival_henge, layout_loops_ring,
          shapermc_ecumenical_altar_totnotflames, serial_shops, shop
D:2:      layout_loops_ring, item_on_display_b
D:3:      layout_loops_ring, lemuel_zombie_altar_yredelemnul, serial_undead,
          serial_undead_d, serial_undead_b, serial_undead_c, serial_undead_a,
          serial_undead_e
D:4:      layout_basic, mainiacjoe_overflow_paths,
          mainiacjoe_overflow_small_starburst,
          minmay_temple_entry_drinking_statues, gammafunk_ghost_split,
          uniq_edmund
D:5:      layout_basic
D:6:      layout_loops_ring, trog_ov_bears_minmay, mainiacjoe_overflow_catwalk,
          minmay_misc_feat_hallway, eino_small_chamber_without_monster,
          minmay_misc_feat_doors, dk_noncrumbling_4, hangedman_decor_points,
          nicolae_shop_clearance, uniq_prince_ribbit1
D:7:      layout_gridville, nicolae_qazlal_general_emergency, uniq_maggie
D:8:      layout_loops_cross, kennysheep_okawaru_gauntlet, kennysheep_nub,
          dreamdust_gnoll_shepherd
D:9:      minmay_the_grid_triangle_9x9_recursive_2_mashed
          [minmay_the_grid_triangle_9x9_prize_special,
          minmay_the_grid_triangle_9x9_steps,
          minmay_the_grid_triangle_9x9_swiss_cheese,
          minmay_the_grid_triangle_9x9_tough_junction], layout_irregular_city,
          lemuel_tele_altar, marbit_many_paths, minmay_diced_spiral
Temple:   nicolae_temple_bog_church

Notes
Turn   | Place    | Note
-------+----------+-------------------------------------------
     0 | D:1      | cforsyth the Mountain Dwarf Necromancer began the quest for
                  | the Orb.
     0 | D:1      | Reached XP level 1. HP: 14/14 MP: 3/3
    78 | D:1      | Found Ygiuj's Distillery.
    96 | D:1      | Reached skill level 1 in Fighting
   174 | D:1      | Reached XP level 2. HP: 23/23 MP: 1/4
   676 | D:1      | Found a faded altar of an unknown god.
   758 | D:1      | Reached skill level 2 in Fighting
  1023 | D:2      | Reached skill level 5 in Necromancy
  1023 | D:2      | Reached XP level 3. HP: 29/29 MP: 0/5
  1917 | D:2      | Reached XP level 4. HP: 37/37 MP: 1/6
  2280 | D:3      | Reached skill level 1 in Axes
  2298 | D:3      | Reached skill level 3 in Fighting
  2578 | D:3      | Reached XP level 5. HP: 39/45 MP: 7/7
  2773 | D:3      | Reached skill level 2 in Axes
  2779 | D:3      | Identified the +0 leather armour of the Gate {rN++}
  3227 | D:3      | Found a basalt altar of Yredelemnul.
  3799 | D:4      | Found a staircase to the Ecumenical Temple.
  3810 | Temple   | Entered the Ecumenical Temple
  3814 | D:4      | Noticed Edmund
  3889 | D:4      | Found a runed translucent gate.
  3889 | D:4      | Found a runed translucent gate.
  3890 | D:4      | Noticed soberseth's ghost (amateur MDFE)
  4146 | D:4      | Found a blossoming altar of Fedhas.
  4333 | D:4      | Found a runed translucent gate.
  4350 | D:4      | Found a hide-covered altar of Uskayaw.
  4438 | D:4      | Reached skill level 6 in Necromancy
  4500 | D:5      | Entered Level 5 of the Dungeon
  4510 | D:5      | Noticed an ice beast
  4537 | D:5      | Killed an ice beast
  4538 | D:5      | Reached skill level 4 in Fighting
  4538 | D:5      | Reached skill level 3 in Axes
  4538 | D:5      | Reached XP level 6. HP: 14/52 MP: 8/8
  4861 | D:5      | Noticed a water moccasin
  4888 | D:5      | Killed a water moccasin
  4889 | D:5      | Reached skill level 4 in Axes
  4975 | D:5      | Reached XP level 7. HP: 60/60 MP: 6/9
  4980 | D:5      | Learned a level 4 spell: Animate Dead
  4987 | D:5      | Reached skill level 5 in Fighting
  5214 | D:5      | Reached skill level 7 in Necromancy
  5619 | D:6      | Noticed Prince Ribbit
  5770 | D:4      | Killed Edmund
  6030 | D:6      | Reached skill level 6 in Fighting
  6162 | D:6      | Found Ecyidika's CLEARANCE SALE!.
  6197 | D:6      | Noticed a steam dragon
  6582 | D:5      | Killed a steam dragon
  6583 | D:5      | Reached skill level 8 in Necromancy
  6583 | D:5      | Reached XP level 8. HP: 32/71 MP: 10/10
  6861 | D:5      | Reached skill level 2 in Spellcasting
  7058 | D:6      | Reached skill level 7 in Fighting
  7089 | D:6      | Found a bloodstained altar of Trog.
  7235 | D:6      | Killed Prince Ribbit
  7516 | D:6      | Found a sacrificial altar of Ru.
  8418 | D:7      | Noticed a slime creature
  8527 | D:7      | Noticed Maggie
  8645 | D:7      | Reached skill level 3 in Spellcasting
  8684 | D:7      | Noticed a slime creature
  8694 | D:7      | Noticed a slime creature
  8694 | D:7      | Noticed a slime creature
  8694 | D:7      | Noticed a slime creature
  9002 | D:9      | Reached skill level 9 in Necromancy
  9155 | D:8      | Noticed a two-headed ogre
  9178 | D:9      | HP: 6/74 [vampire mosquito (3)]
  9179 | D:9      | HP: 2/74 [vampire mosquito (2)]
  9182 | D:9      | Slain by a vampire mosquito

Vanquished Creatures
  Prince Ribbit (D:6)
  A steam dragon (D:5)
  Edmund (D:4)
  2 water moccasins
  An ice beast (D:5)
  3 black bears (D:5)
  A bullfrog (D:6)
  A scorpion (D:5)
  A hound (D:5)
  A bombardier beetle (D:4)
  A jelly (D:6)
  2 iguanas
  4 orc wizards
  2 hound zombies (D:3)
  2 hound skeletons (D:3)
  2 gnolls (D:9)
  5 adders
  4 ufetubi
  An adder zombie (D:3)
  A ribbon worm (D:3)
  5 dart slugs
  17 orcs
  11 ball pythons
  4 endoplasms
  5 giant cockroaches
  10 goblins
  8 hobgoblins
  3 quokkas
  10 bats
  3 frilled lizards
  9 kobolds
  A quokka zombie (D:3)
  4 rats
127 creatures vanquished.

Vanquished Creatures (collateral kills)
  A bombardier beetle (D:5)
  An iguana (D:7)
  An orc (D:6)
  A bat (D:1)
  An endoplasm (D:4)
5 creatures vanquished.

Vanquished Creatures (others)
  A bullfrog zombie (D:6)
  7 orc zombies
8 creatures vanquished.

Grand Total: 140 creatures vanquished

Table legend: (Time is in decaauts)
 A = Elapsed time spent in this place.
 B = Non-inter-level travel time spent in this place.
 C = Inter-level travel time spent in this place.
 D = Time resting spent in this place.
 E = Time spent auto-exploring this place.
 F = Levels seen in this place.
 G = Mean time per level.
                   A        B        C        D        E       F      G
               +--------+--------+--------+--------+--------+-----+--------+
         Total |   9240 |   8888 |    352 |   1996 |   5131 |  10 |  924.0 |
       Dungeon |   9238 |   8886 |    352 |   1996 |   5130 |   9 | 1026.4 |
        Temple |      2 |      2 |      0 |      0 |      1 |   1 |    2.0 |
               +--------+--------+--------+--------+--------+-----+--------+

Top non-repeatable levels by time:
     D:5: 1756 daAuts
     D:6: 1542 daAuts
     D:3: 1462 daAuts
     D:2: 1412 daAuts
     D:4: 1036 daAuts
     D:1: 1016 daAuts
     D:7: 530 daAuts
     D:9: 457 daAuts
     D:8: 23 daAuts
  Temple: 2 daAuts

Table legend:
 A = Non-vault XP
 B = Vault XP
 C = Vault XP percentage of total XP
 D = Non-vault monster count
 E = Vault monster count
 F = Vault count percentage of total count
                 A         B        C        D         E       F
            +---------+---------+-------+---------+---------+-------
      Total |    1649 |     780 |  32.1 |     122 |      10 |   7.6
            +---------+---------+-------+---------+---------+-------
        D:1 |      40 |       0 |   0.0 |      24 |       0 |   0.0
        D:2 |      62 |       0 |   0.0 |      25 |       0 |   0.0
        D:3 |     108 |      83 |  43.5 |      25 |       6 |  19.4
        D:4 |      67 |     169 |  71.6 |      10 |       1 |   9.1
        D:5 |     814 |     264 |  24.5 |      12 |       2 |  14.3
        D:6 |     191 |     264 |  58.0 |       9 |       1 |  10.0
        D:7 |     335 |       0 |   0.0 |      14 |       0 |   0.0
        D:9 |      32 |       0 |   0.0 |       3 |       0 |   0.0
            +---------+---------+-------+---------+---------+-------
